 Dungeon Crawl Stone Soup version 0.28-a0-178-ga708605c5b (webtiles) character file.

Game seed: 697905561048518047

39 rabbitsville the Chiller (level 3, -3/26 HPs)
             Began as a Ghoul Ice Elementalist on Aug 17, 2021.
             Slain by an ufetubus (4 damage)
             ... on level 3 of the Dungeon on Aug 18, 2021.
             The game lasted 00:18:47 (2400 turns).

rabbitsville the Chiller (Ghoul Ice Elementalist)   Turns: 2400, Time: 00:18:49

Health: -3/26      AC:  2    Str: 11    XL:     3   Next: 45%
Magic:  4/5        EV: 12    Int: 11    God:
Gold:   47         SH:  0    Dex:  9    Spells: 5/6 levels left

rFire   . . .      SeeInvis .   e - +3 short sword
rCold   + . .      Faith    .   (no shield)
rNeg    + + +      Spirit   .   a - +0 robe
rPois   ∞          Reflect  .   (no helmet)
rElec   .          Harm     .   (no cloak)
rCorr   .          Rampage  .   (no gloves)
Will    .....                   (no boots)
Stlth   ++........              (no amulet)
HPRegen 0.00/turn               (no ring)
MPRegen 0.09/turn               (no ring)

@: inhibited regen
A: claws 1, cold resistance 1, negative energy resistance 3, inhibited
regeneration, torment resistance 2
a: no special abilities


You were on level 3 of the Dungeon.
You visited 1 branch of the dungeon, and saw 3 of its levels.

You collected 47 gold pieces.

Inventory:

Hand Weapons
 e - a +3 short sword (weapon)
Missiles
 h - 18 poisoned darts (quivered)
 m - 3 curare-tipped darts
Armour
 a - a +0 robe (worn)
Scrolls
 d - a scroll of identify {unknown}
 f - a scroll of amnesia {unknown}
 j - a scroll of fog {unknown}
 k - a scroll of enchant armour {unknown}
Potions
 b - 2 potions of curing {unknown}
 c - a potion of brilliance {unknown}
 g - a potion of cancellation {unknown}
 i - a potion of haste {unknown}
 l - a potion of magic {unknown}
 n - a potion of lignification {unknown}


   Skills:
 + Level 0.8 Short Blades
 - Level 1.7 Dodging
 - Level 2.1 Stealth
 + Level 2.3 Spellcasting
 * Level 5.0 Ice Magic


You had 5 spell levels left.
You knew the following spells:

 Your Spells              Type           Power      Damage    Failure   Level
a - Freeze                Ice            48%        1d7       3%          1

Your spell library contained the following spells:

 Spells                   Type           Power      Damage    Failure   Level
 Frozen Ramparts          Ice            24%        1d4       11%         3
 Ozocubu's Armour         Ice            12%        N/A       11%         3
 Gell's Gravitas          Tloc           0%         N/A       63%         3
 Lesser Beckoning         Tloc           0%         N/A       63%         3
 Teleport Other           Tloc           1%         N/A       63%         3
 Hailstorm                Conj/Ice       6%         3d4       69%         4


Dungeon Overview and Level Annotations

Branches:
Dungeon (3/15)

Altars:
Gozag

Annotations:
D:2 1 runed translucent door, Crazy Yiuf, Natasha


Innate Abilities, Weirdness & Mutations

You thrive by killing the living.
You are immune to poison.
You have sharp fingernails.
Your flesh is cold resistant. (rC+)
You are immune to negative energy. (rN+++)
You do not regenerate when monsters are visible.
You are immune to unholy pain and torment.


Message History

You now have 45 gold pieces (gained 1).
You now have 46 gold pieces (gained 1).
You now have 47 gold pieces (gained 1).
An ufetubus comes into view.
The ufetubus shouts!
The ufetubus hits you. x2
Casting: Freeze (safe; 3% risk of failure)
Confirm with . or Enter, or press ? or * to list all spells.
Aiming: Freeze (safe; 3% risk of failure)
Press: ? - help, Shift-Dir - straight line, f - ufetubus
Aim: an ufetubus You freeze the ufetubus.
The ufetubus resists.
The ufetubus is lightly wounded.
The ufetubus hits you but does no damage.
The ufetubus hits you.
Press: ? - help, . - travel You can't see that place.
Unknown command.
You closely miss the ufetubus.
The ufetubus is lightly wounded.
The ufetubus closely misses you. The ufetubus hits you. x2
The ufetubus hits you but does no damage.
You barely miss the ufetubus.
The ufetubus is lightly wounded.
The ufetubus completely misses you. The ufetubus closely misses you.
The ufetubus hits you. The ufetubus closely misses you.
You hit the ufetubus.
The ufetubus is heavily wounded.
The ufetubus barely misses you. x2
You closely miss the ufetubus.
The ufetubus is heavily wounded.
The ufetubus hits you. x4
* * * LOW HITPOINT WARNING * * *
You closely miss the ufetubus.
The ufetubus is moderately wounded.
The ufetubus hits you.
* * * LOW HITPOINT WARNING * * *
The ufetubus closely misses you. The ufetubus completely misses you.
The ufetubus hits you.
You die...

.### #.# .# #.#
.# #.# .#######
#.# ...)...# #.#
######.# #.# #.#
#.# #.#
#######5# #.#
#.....@.# #.#
#.####### #.##
#.# #..###.#
######...##.#
.........##.####
.........##....#
........######.#
######.#######.#


You could see an ufetubus.

Vanquished Creatures
  A dart slug (D:3)
  An orc (D:3)
  6 endoplasms
  3 goblins
  3 hobgoblins
  4 jackals (D:3)
  2 kobolds (D:1)
  A ball python (D:2)
  2 bats
  7 frilled lizards
  3 rats
33 creatures vanquished.

Vanquished Creatures (others)
  A fungus (D:2)
1 creature vanquished.

Grand Total: 34 creatures vanquished

Notes
Turn   | Place    | Note
-------+----------+-------------------------------------------
     0 | D:1      | rabbitsville the Ghoul Ice Elementalist began the quest for
                  | the Orb.
     0 | D:1      | Reached XP level 1. HP: 14/14 MP: 2/2
   363 | D:1      | Reached XP level 2. HP: 3/20 MP: 0/4
  1304 | D:2      | Found a faded altar of an unknown god.
  1540 | D:2      | Found a runed translucent door.
  1541 | D:2      | Noticed Crazy Yiuf
  1691 | D:2      | Reached XP level 3. HP: 26/26 MP: 3/5
  1796 | D:2      | Noticed Natasha
  2242 | D:3      | Reached skill level 5 in Ice Magic
  2327 | D:3      | Found an opulent altar of Gozag.
  2400 | D:3      | HP: 1/26 [ufetubus (5)]
  2400 | D:3      | Slain by an ufetubus

Illustrated notes

Levels and vault maps discovered:
D:1:      ncdulo_wetmaze, layout_basic
D:2:      layout_loops_cross, serial_shops, nicolae_shop_behind_doors,
          ebering_ecumenical_altar_hall, minmay_crystal_water,
          uniq_crazy_yiuf_cottage, uniq_natasha
D:3:      layout_basic, grunt_gozag_breadcrumbs, supply_closet_lemuel

Skill      XL: |  1  2  3 |
---------------+----------+-----
Spellcasting   | 2 |  2.3
Ice Magic      | 5 |  5.0
Short Blades   | |  0.8
Dodging        | |  1.7
Stealth        | |  2.1

Action                   || total
-------------------------++-------
Melee: Short sword       ||    46
       Unarmed           ||     2
Throw: Dart              ||     4
 Cast: Freeze            ||    25
 Stab: Sleeping          ||     3
Armor: Robe              ||    10
Dodge: Dodged            ||    41

Table legend: (Time is in decaauts)
 A = Elapsed time spent in this place.
 B = Non-inter-level travel time spent in this place.
 C = Inter-level travel time spent in this place.
 D = Time resting spent in this place.
 E = Time spent auto-exploring this place.
 F = Levels seen in this place.
 G = Mean time per level.
                   A        B        C        D        E       F      G
               +--------+--------+--------+--------+--------+-----+--------+
         Total |   2415 |   2287 |    128 |    579 |    703 |   3 |  805.0 |
       Dungeon |   2415 |   2287 |    128 |    579 |    703 |   3 |  805.0 |
               +--------+--------+--------+--------+--------+-----+--------+

Top non-repeatable levels by time:
     D:1: 1517 daAuts
     D:2: 621 daAuts
     D:3: 276 daAuts
